 Dungeon Crawl Stone Soup version 0.23.2-33-g5129a83184 (webtiles) character file.

Game seed: 10299254951763580495

2543 psyvane the Grappler (level 9, -1/72 HPs)
             Began as a Purple Draconian Transmuter on July 14, 2019.
             Was a Follower of Qazlal.
             Slain by a slime creature (11 damage)
             ... on level 9 of the Dungeon.
             The game lasted 00:30:43 (7862 turns).

psyvane the Grappler (Purple Draconian Transmuter)  Turns: 7862, Time: 00:30:44

Health: -1/72      AC: 10    Str: 15    XL:     9   Next: 30%
Magic:  12/14      EV: 12    Int: 13    God:    Qazlal [*.....]
Gold:   255        SH:  2    Dex: 13    Spells: 0/15 levels left

rFire    . . .     SeeInvis .     - Unarmed
rCold    . . .     Gourm    .   (no shield)
rNeg     + . .     Faith    +   (armour unavailable)
rPois    .         Spirit   .   (helmet restricted)
rElec    .         Reflect  .   l - +1 cloak of Caxodik {rN+}
rCorr    .         Harm     .   (no gloves)
MR       +....                  u - +0 pair of boots
Stlth    +.........             e - amulet of faith
HPRegen  0.22/turn              k - ring of wizardry
MPRegen  0.14/turn              t - ring of wizardry

@: berserk cooldown, slowed, very slow
A: breathe power, unfitting armour, cold-blooded, AC +7
a: Breathe Dispelling Energy, Renounce Religion


You were on level 9 of the Dungeon.
You worshipped Qazlal.
Qazlal was aware of your devotion.
You were hungry.

You visited 1 branch of the dungeon, and saw 10 of its levels.

You collected 484 gold pieces.
You spent 229 gold pieces at shops.

Inventory:

Missiles
 a - 80 arrows
Armour
 l - the +1 cloak of Caxodik (worn) {rN+}
   (You bought it in a shop on level 4 of the Dungeon)

   It protects you from negative energy.
 p - a cursed +0 large shield
 u - a +0 pair of boots (worn)
Jewellery
 e - an amulet of faith (around neck)
 f - an uncursed ring of stealth
 k - a ring of wizardry (left hand)
 t - a ring of wizardry (right hand)
 v - an uncursed amulet of the acrobat
Scrolls
 b - 3 scrolls of fog
 g - 2 scrolls of amnesia
 i - 5 scrolls of remove curse
 j - 3 scrolls of teleportation
 m - 6 scrolls of identify
 n - a scroll of enchant weapon
 r - a scroll of magic mapping
 y - a scroll of enchant armour {unknown}
Potions
 d - a potion of cancellation
 o - 3 potions of mutation
 s - a potion of flight
 x - a potion of might {unknown}
Comestibles
 c - 14 rations
 h - 2 chunks of flesh


   Skills:
 * Level 4.7 Fighting
 - Level 1.7 Dodging
 - Level 10.0 Unarmed Combat
 - Level 3.8 Spellcasting
 - Level 6.5 Transmutations
 - Level 1.3 Poison Magic


You couldn't memorise any spells.
You knew the following spells:

 Your Spells              Type           Power        Failure   Level  Hunger
a - Beastly Appendage     Tmut           ###...       1%          1    None
b - Sticks to Snakes      Tmut           ###.....     1%          2    ##.....
c - Spider Form           Tmut/Pois      ##........   3%          3    ###....
d - Blade Hands           Tmut           ###.......   11%         5    ######.
e - Call Imp              Summ           #.......     9%          2    ##.....
f - Blink                 Tloc           N/A          9%          2    ##.....

Your spell library contained the following spells:

 Spells                   Type           Power        Failure   Level  Hunger
 Magic Dart               Conj           #...         6%          1    None
 Slow                     Hex            #.......     9%          2    ##.....
 Mephitic Cloud           Conj/Pois/Air  #.......     14%         3    ###....
 Ice Form                 Ice/Tmut       ##......     14%         4    ####...
 Conjure Flame            Conj/Fire      #.......     17%         3    ###....


Dungeon Overview and Level Annotations

Branches:
Dungeon (10/15)            Temple (0/1) D:7            Lair (0/6) D:10
    Orc: D:9-12

Altars:
Dithmenos
Elyvilon
Hepliaklqana
Qazlal

Shops:
D:4 ?[[[


Innate Abilities, Weirdness & Mutations

You can breathe bolts of dispelling energy.
Your rich purple scales are hard. (AC +7)
You cannot fit into any form of body armour.
You are cold-blooded and may be slowed by cold attacks.


Message History

The quokka bites you but does no damage. x2
Items here: $ )))) [ †† You closely miss the quokka.
The quokka bites you but does no damage.
The large slime creature hits you!!
A slime creature comes into view.
The slime creature quivers.
You shred the quokka!!!
You kill the quokka!
Qazlal accepts your kill.
Your hands revert to their normal proportions.
A large slime creature splits.
Two slime creatures merge to form a large slime creature.
A large slime creature splits.
The slime creature hits you!
* * * LOW HITPOINT WARNING * * *
You have got your breath back.
A slime creature comes into view.
The slime creature hits you!
You die...

..######..........#
.J..o.J.###..######
..)####)# #..# #.#
#..# ..#####J# #..#
......#o###..#
#..z.##..#
##.zJJ##..#
#...@.....#
#...........
#.........##
.............
#####...######
..### ##


You could see 4 slime creatures, 2 wights and an orc.

Vanquished Creatures
  A hungry ghost (D:8)
  A water moccasin (D:10)
  2 black bears
  An ice beast (D:8)
  A phantom (D:7)
  A sky beast (D:7)
  2 ogres (D:7)
  2 big kobolds
  A bullfrog (D:6)
  2 scorpions
  6 killer bees
  2 howler monkeys
  A crimson imp (D:6)
  2 quasits
  A centaur zombie (D:7)
  4 orc priests
  2 centaur skeletons
  4 hounds
  7 orc wizards
  Terence (D:3)
  An iguana (D:4)
  4 worker ants
  13 adders
  4 gnolls (D:2)
  A worm (D:2)
  4 dart slugs
  7 leopard geckos
  24 orcs
  6 giant cockroaches
  7 hobgoblins
  7 jackals
  13 kobolds
  5 quokkas
  A ball python (D:2)
  7 bats
  4 frilled lizards (D:2)
  7 goblins
  6 rats
165 creatures vanquished.

Vanquished Creatures (collateral kills)
  An orc (D:3)
  2 jackals (D:2)
3 creatures vanquished.

Grand Total: 168 creatures vanquished

Notes
Turn   | Place    | Note
-------+----------+-------------------------------------------
     0 | D:1      | psyvane the Draconian Transmuter began the quest for the
                  | Orb.
     0 | D:1      | Reached XP level 1. HP: 16/16 MP: 3/3
    95 | D:1      | Reached XP level 2. HP: 10/23 MP: 3/5
    99 | D:1      | Learned a level 2 spell: Sticks to Snakes
   410 | D:1      | Reached skill level 4 in Unarmed Combat
   788 | D:2      | Reached XP level 3. HP: 28/28 MP: 4/6
  1381 | D:2      | Reached skill level 5 in Unarmed Combat
  1381 | D:2      | Reached XP level 4. HP: 24/35 MP: 1/7
  1813 | D:2      | Learned a level 3 spell: Spider Form
  2080 | D:3      | Found a hazy altar of Hepliaklqana.
  2295 | D:3      | Reached skill level 1 in Poison Magic
  2592 | D:3      | Found a shadowy altar of Dithmenos.
  2720 | D:3      | Noticed Terence
  2730 | D:3      | Killed Terence
  2730 | D:3      | Reached XP level 5. HP: 40/40 MP: 4/8
  3147 | D:4      | Found Kupim's Armour Emporium.
  3207 | D:4      | Bought the +1 cloak of Caxodik {rN+} for 207 gold pieces
  3231 | D:4      | Reached XP level 6. HP: 40/47 MP: 9/9
  3439 | D:4      | Found a stormy altar of Qazlal.
  3551 | D:4      | Found a white marble altar of Elyvilon.
  3649 | D:4      | Found Usoosat's Antique Armour Shoppe.
  3666 | D:4      | Found Bulaom's Armour Shoppe.
  3685 | D:4      | Found Duycash's Magic Scroll Emporium.
  3694 | D:4      | Reached skill level 5 in Transmutations
  3699 | D:4      | Bought a scroll of identify for 22 gold pieces
  3766 | D:5      | Entered Level 5 of the Dungeon
  4491 | D:6      | Your scales start taking on a rich purple colour.
  4491 | D:6      | Reached XP level 7. HP: 41/52 MP: 6/10
  4714 | D:6      | Learned a level 5 spell: Blade Hands
  5485 | D:6      | Reached skill level 6 in Unarmed Combat
  5793 | D:4      | Became a worshipper of Qazlal Stormbringer
  5886 | D:7      | Reached XP level 8. HP: 45/62 MP: 10/13
  6134 | D:7      | Reached skill level 7 in Unarmed Combat
  6509 | D:7      | Reached skill level 8 in Unarmed Combat
  6662 | D:7      | Learned a level 2 spell: Call Imp
  6826 | D:7      | Found a staircase to the Ecumenical Temple.
  7016 | D:8      | Reached skill level 9 in Unarmed Combat
  7019 | D:8      | Reached * piety under Qazlal
  7023 | D:8      | Reached XP level 9. HP: 48/71 MP: 10/14
  7247 | D:8      | Noticed a two-headed ogre
  7377 | D:10     | Entered Level 10 of the Dungeon
  7572 | D:10     | Found a staircase to the Lair.
  7765 | D:10     | Learned a level 2 spell: Blink
  7846 | D:9      | Reached skill level 10 in Unarmed Combat
  7862 | D:9      | Slain by a slime creature

Skill      XL: |  1  2  3  4  5  6  7  8  9 |
---------------+----------------------------+-----
Unarmed Combat | 4 5 6 9 10 | 10.0
Poison Magic   | 1 |  1.3
Transmutations | 3 4 6 |  6.5
Spellcasting   | 3 |  3.8
Fighting       | 2 3 4 |  4.7
Dodging        | |  1.7

Action                   |  1- 3 |  4- 6 |  7- 9 || total
-------------------------+-------+-------+-------++-------
Melee: Unarmed           |   112 |   275 |   281 ||   668
       Kick              |     8 |    30 |    16 ||    54
       Tailslap          |    12 |    18 |    20 ||    50
       Headbutt          |    12 |     7 |     6 ||    25
       Punch             |     3 |     2 |     3 ||     8
 Cast: Beastly Appendage |    22 |    42 |    24 ||    88
       Sticks to Snakes  |     6 |     4 |       ||    10
       Spider Form       |       |     5 |     3 ||     8
       Blade Hands       |       |       |    14 ||    14
 Abil: Breathe Dispellin |       |       |     2 ||     2
  Use: Scroll            |     1 |     8 |    10 ||    19
       Potion            |       |     3 |     5 ||     8
 Stab: Sleeping          |       |     3 |       ||     3
  Eat: Chunk             |     2 |    13 |    15 ||    30
       Ration            |       |       |     1 ||     1
Armor: Skin              |    38 |    56 |    85 ||   179
Dodge: Dodged            |    86 |   176 |   200 ||   462
